General information
- name: BNet
- type: Ladder 1vs1/FFA
- host: Battle.net
- saver: hernando
map: LostTemple
- players: 2
- length: 22:40
- speed: Fast
- version: 1.21 W3XP
- replay type: Public
» download(64 KB)
Players
team 1 (loser)

»
LcJ (
pink | 97 APM | 2198 actions | 22:38)
4 Priestess of the Moon
2 Searing Arrows
2 Trueshot Aura
2 Keeper of the Grove
1 Entangling Roots
1 Force of Nature
» actions
| Assign group hotkey | 50 | |
| Basic commands | 20 | |
| Build / train | 65 | |
| Enter build submenu | 24 | |
| Enter hero's abilities submenu | 6 | |
| Right click | 663 | |
| Select / deselect | 196 | |
| Select group hotkey | 1136 | |
| Use ability | 37 | |
2198 total
» units
| Wisp | 24 | |
| Archer | 12 | |
| Glaive Thrower | 9 | |
| Huntress | 2 | |
47 total
» upgrades
| Improved Bows | 1 | |
| Strength of the Moon | 3 | |
| Moon Armor | 1 | |
| Vorpal Blades | 1 | |
| Abolish Magic | 1 | |
| Nature's Blessing | 1 | |
8 total
» buildings
| Altar of Elders | 1 | |
| Ancient of War | 2 | |
| Moon Well | 7 | |
| Tree of Ages | 1 | |
| Tree of Life | 2 | |
| Hunter's Hall | 1 | |
| Ancient of Wind | 1 | |
| Ancient of Lore | 1 | |
| Tree of Eternity | 1 | |
| Chimaera Roost | 2 | |
| Ancient of Wonders | 1 | |
20 total
» build order
00:11 Altar of Elders
00:21 Ancient of War
00:44 Moon Well
02:15 Moon Well
03:13 Moon Well
04:13 Moon Well
05:14 Moon Well
05:34 Tree of Ages
06:55 Moon Well
09:07 Tree of Life
09:33 Hunter's Hall
11:22 Moon Well
11:25 Ancient of Wind
11:30 Ancient of Lore
13:20 Ancient of War
13:30 Tree of Eternity
18:05 Chimaera Roost
18:05 Chimaera Roost
19:03 Ancient of Wonders
22:23 Tree of Life
team 2 (winner)
hernando (
orange | 41 APM | 940 actions | 22:40)
4 Blood Mage
2 Flame Strike
1 Banish
1 Siphon Mana
» actions
| Assign group hotkey | 1 | |
| Basic commands | 42 | |
| Build / train | 77 | |
| Enter build submenu | 58 | |
| Enter hero's abilities submenu | 4 | |
| Remove unit from queue | 8 | |
| Right click | 295 | |
| Select / deselect | 348 | |
| Select group hotkey | 6 | |
| Use ability | 101 | |
940 total
» units
| Peasant | 19 | |
| Mortar Team | 5 | |
| Sorceress | 3 | |
| Flying Machine | 3 | |
30 total
» upgrades
| Gunpowder | 3 | |
| Lumber Harvesting | 2 | |
| Masonry | 1 | |
| Sorceress Training | 2 | |
| Flare | 1 | |
| Fragmentation Shards | 1 | |
| Priest Training | 1 | |
| Flak Cannons | 1 | |
| Flying Machine Bombs | 1 | |
13 total
» buildings
| Lumber Mill | 4 | |
| Farm | 19 | |
| Altar of Kings | 4 | |
| Arcane Vault | 2 | |
| Town Hall | 2 | |
| Scout Tower | 19 | |
| Guard Tower | 18 | |
| Keep | 1 | |
| Blacksmith | 1 | |
| Arcane Sanctum | 1 | |
| Workshop | 2 | |
| Castle | 1 | |
| Cannon Tower | 1 | |
75 total
» build order
00:47 Lumber Mill
01:38 Farm
01:41 Farm
01:51 Altar of Kings
01:55 Altar of Kings
01:57 Altar of Kings
02:04 Arcane Vault
03:22 Farm
03:39 Farm
03:47 Town Hall
05:04 Scout Tower
05:22 Scout Tower
05:41 Guard Tower
05:43 Scout Tower
05:56 Guard Tower
05:57 Scout Tower
06:10 Guard Tower
06:11 Scout Tower
06:18 Scout Tower
06:25 Guard Tower
06:39 Guard Tower
06:45 Guard Tower
07:02 Scout Tower
07:04 Scout Tower
07:06 Scout Tower
07:09 Scout Tower
07:30 Guard Tower
07:44 Guard Tower
07:46 Scout Tower
08:03 Town Hall
08:16 Guard Tower
10:56 Keep
11:18 Lumber Mill
11:26 Lumber Mill
11:30 Lumber Mill
11:38 Scout Tower
11:39 Scout Tower
11:44 Altar of Kings
11:47 Farm
12:09 Guard Tower
12:16 Farm
12:17 Farm
12:31 Guard Tower
12:37 Scout Tower
12:38 Scout Tower
12:39 Scout Tower
12:41 Scout Tower
12:46 Guard Tower
12:52 Blacksmith
12:54 Guard Tower
13:04 Farm
13:05 Farm
13:06 Farm
13:09 Guard Tower
13:17 Farm
13:20 Farm
13:22 Farm
13:38 Guard Tower
13:42 Arcane Sanctum
13:59 Guard Tower
14:02 Workshop
14:03 Castle
14:07 Workshop
14:31 Guard Tower
16:02 Scout Tower
16:03 Scout Tower
16:08 Arcane Vault
16:49 Cannon Tower
17:29 Guard Tower
17:39 Farm
17:40 Farm
18:50 Farm
20:46 Farm
20:53 Farm
20:58 Farm
» items
Chat log
(00:38 / All) LcJ: 日r u good?
(00:41 / All) hernando: Yea
(00:51 / All) hernando: u
(00:57 / All) LcJ: noob```
(01:10 / All) hernando: sorry i will have to PWN
(01:16 / All) LcJ: try to get a tda account```
(01:21 / All) hernando: lol what
(11:54 / All) hernando: lol